 Dungeon Crawl Stone Soup version 0.28.0-53-g5a82cb258f (webtiles) character file.

Game seed: 1066974312243431570

14291 pkoi the Martial Artist (level 11, -2/89 HPs)
             Began as a Demigod Artificer on June 1, 2022.
             Slain by a bullfrog (7 damage)
             ... on level 2 of the Lair of Beasts.
             The game lasted 00:32:17 (21987 turns).

pkoi the Martial Artist (Demigod Artificer)        Turns: 21987, Time: 00:32:18

Health: -2/89      AC: 11    Str: 13    XL:     11   Next: 56%
Magic:  19/19      EV: 13    Int: 25    God:
Gold:   696        SH:  0    Dex: 14    Spells: 8/16 levels left

rFire   + . .      SeeInvis .     - Unarmed
rCold   . . .      Faith    .   (no shield)
rNeg    . . .      Spirit   .   r - +0 troll leather armour {Pargi}
rPois   .          Reflect  .   i - +1 helmet
rElec   .          Harm     .   l - +0 cloak
rCorr   .          Rampage  .   (no gloves)
Will    +....                   (no boots)
Stlth   +.........              (no amulet)
HPRegen 1.04/turn               D - ring "Moxieruud" {rF+ AC+4}
MPRegen 0.16/turn               (no ring)

@: slowed, very slow
A: high MP 1, forlorn, divine attributes
a: no special abilities


You were on level 2 of the Lair of Beasts.
You visited 2 branches of the dungeon, and saw 13 of its levels.
You also visited: Sewer.

You collected 696 gold pieces.

Inventory:

Hand Weapons
 a - the +7 sceptre of Torment {pain, torment}
   (You found it on level 7 of the Dungeon)

   In the hands of one skilled in necromantic magic, it inflicts extra damage on
   living creatures.
   It occasionally torments all nearby living foes when it strikes in combat.
 b - the +9 hunting sling "Fekhixte" {venom, Int+3 Dex+4}
   (You acquired it on level 4 of the Dungeon)

   Any ammunition fired from it poisons the flesh of those it strikes.
   Int:       It affects your intelligence (+3).
   Dex:       It affects your dexterity (+4).
 f - a +0 dagger of flaming
 j - a +0 rapier
 m - a +3 whip of electrocution
 E - a +0 club
Missiles
 k - 12 poisoned darts
 n - 335 stones
 o - 3 throwing nets
 x - 12 sling bullets
 L - 5 curare-tipped darts
Armour
 i - a +1 helmet (worn)
 l - a +0 cloak (worn)
 r - a +0 troll leather armour (worn) {Pargi}
 t - a +0 leather armour
Magical Staves
 A - a staff of earth
Jewellery
 D - the ring "Moxieruud" (left hand) {rF+ AC+4}
   (You found it on level 7 of the Dungeon)

   [ring of protection]

   AC:        It affects your AC (+4).
   rF:        It protects you from fire.
 H - a ring of poison resistance
 K - a ring of wizardry
 M - a ring of positive energy
Wands
 c - a wand of flame (12) (quivered)
 d - a wand of charming (9)
 u - a wand of polymorph (16)
 v - a wand of digging (5)
Scrolls
 h - 3 scrolls of amnesia
 w - a scroll of fear
 y - a scroll of summoning
 C - 3 scrolls of teleportation
 I - 2 scrolls of enchant weapon
 J - a scroll of brand weapon {unknown}
Potions
 g - a potion of brilliance
 p - 2 potions of might
 q - 3 potions of magic
 z - a potion of curing
 B - 2 potions of invisibility
 F - a potion of haste
 G - a potion of cancellation
Miscellaneous
 e - a piece from Xom's chessboard (15/15)
 s - a lightning rod (1/4)


   Skills:
 + Level 5.6 Fighting
 - Level 3.0 Armour
 + Level 5.5 Dodging
 - Level 0.8 Stealth
 + Level 10.1 Unarmed Combat
 - Level 3.0 Spellcasting
 - Level 3.0 Hexes
 - Level 3.0 Necromancy
 - Level 3.0 Translocations
 * Level 4.7 Earth Magic
 - Level 9.3 Evocations


You had 8 spell levels left.
You knew the following spells:

 Your Spells              Type           Power      Damage    Failure   Level
a - Portal Projectile     Hex/Tloc       36%        N/A       11%         3
b - Lee's Rapid Deconstr  Erth           13%        3d10*     45%         5

Your spell library contained the following spells:

 Spells                   Type           Power      Damage    Failure   Level
 Corpse Rot               Necr/Air       22%        N/A       11%         2
 Ensorcelled Hibernation  Hex/Ice        22%        N/A       11%         2
 Magic Dart               Conj           12%        1d3       13%         1
 Summon Small Mammal      Summ           12%        N/A       13%         1
 Call Imp                 Summ           3%         N/A       19%         2
 Static Discharge         Conj/Air       3%         N/A       19%         2
 Summon Guardian Golem    Hex/Summ       11%        N/A       21%         3
 Leda's Liquefaction      Hex/Erth       11%        N/A       26%         4
 Call Canine Familiar     Summ           3%         N/A       36%         3
 Mephitic Cloud           Conj/Pois/Air  3%         N/A       36%         3
 Spider Form              Tmut/Pois      3%         N/A       36%         3
 Anguish                  Hex/Necr       9%         N/A       36%         4
 Dispel Undead            Necr           18%        3d11      36%         4
 Lightning Bolt           Conj/Air       1%         1d12      98%         5
 Death Channel            Necr           9%         N/A       99%         6
 Statue Form              Tmut/Erth      10%        N/A       100%        6
 Maxwell's Capacitive Co  Air            1%         ∞         100%        8


Dungeon Overview and Level Annotations

Branches:
Dungeon (11/15)            Temple (0/1) D:4            Lair (2/6) D:11
  Sewer (visited)
  Swamp: Lair:2-4    Shoals: Lair:2-4     Snake: Lair:2-4    Spider: Lair:2-4
    Orc: D:9-12

Shops:
D:4 *   D:8 =

Annotations:
D:5 1 runed translucent door, khangoldenlief's ghost, novice FoFi
D:6 2 transporters
D:8 3 runed translucent doors
D:11 3 runed translucent doors, yahweh's ghost, journeyman MiBe


Innate Abilities, Weirdness & Mutations

You have an increased reservoir of magic. (+10% MP)
You shall have no god before yourself.
Your divine heritage dramatically boosts your attributes as you level up.


Message History

The bullfrog completely misses you.
The river rat bites you but does no damage.
The bullfrog hits you but does no damage.
A yak comes into view.
Unknown command.
You barely miss the bullfrog.
The bullfrog is almost dead.
The bullfrog hits you.
* * * LOW HITPOINT WARNING * * *
The river rat barely misses you. The bullfrog completely misses you.
The river rat barely misses you.
You hit the bullfrog.
You kill the bullfrog!
A cane toad comes into view.
A komodo dragon comes into view.
The bullfrog hits you.
* * * LOW HITPOINT WARNING * * *
The river rat misses you.
Unknown command.
A yak comes into view.
The bullfrog hits you.
* * * LOW HITPOINT WARNING * * *
A yak comes into view.
You see here a bullfrog corpse.
The bullfrog barely misses you. The bullfrog hits you.
* * * LOW HITPOINT WARNING * * *
As you read the scroll of fear, it crumbles to dust.
You assume a fearsome visage.
The river rat looks frightened!
The bullfrog looks frightened!
The cane toad looks frightened!
The yak looks frightened!
The komodo dragon looks frightened!
The bullfrog hits the plant!
The plant begins to die.
A bullfrog comes into view.
The bullfrog croaks.
The bullfrog hits you!
* * * LOW HITPOINT WARNING * * *
As you read the scroll of fear, it crumbles to dust.
You assume a fearsome visage.
The yak looks frightened! x2
The bullfrog looks frightened!
The bullfrog hits you but does no damage.
The bullfrog hits you!
You die...

#..#####.......)........
##..######............##
......###.....#.......#
.......##....##.......#
............####..#....#
.........#P.####..####.##
#......###P..##...###P..##
.#.....#.#....#..(.......#
...............#@.F##....
.............###F..## .
.[..†.......P# ##Y..#
<.......P....# ##†### .
..÷...######.# #..Y.#P..#
##...## #..# #P(.....#
##..P# .#.....(....##
#.### ##...........# ...
#.#§.#F(.....YY


You could see 2 yaks and 2 bullfrogs.

Vanquished Creatures
  Sonja (Lair:1)
  2 bog bodies (Lair:2)
  3 centaur zombies
  5 cane toads
  2 gargoyles (D:11)
  An unseen horror (D:11)
  3 komodo dragons
  A troll (D:9)
  Grinder (D:4)
  Prince Ribbit (D:8)
  4 blink frogs (Lair:2)
  A wyvern (D:9)
  A water elemental (D:11)
  3 wraiths
  14 yaks
  Menkaure (D:7)
  An acid dragon (D:7)
  4 water moccasins
  Pargi (Sewer)
  An ice beast (D:7)
  2 black bears
  8 orc warriors
  4 ogres
  A necrophage (D:6)
  3 centaurs
  2 phantoms
  A kobold brigand (D:6)
  3 bullfrogs
  A gnoll sergeant (D:10)
  2 scorpions
  A water moccasin skeleton (D:5)
  5 wights
  17 killer bees
  2 electric eels
  A howler monkey (D:7)
  3 jellies
  A gnoll shaman (D:8)
  7 orc priests
  Crazy Yiuf (D:7)
  2 bullfrog skeletons
  3 iguanas
  8 orc wizards
  2 hound skeletons
  A howler monkey zombie (D:9)
  17 gnolls
  13 adders
  2 river rats (Lair:2)
  A white imp (D:8)
  An adder skeleton (D:4)
  2 worms
  5 dart slugs
  37 orcs
  3 bats (D:1)
  12 endoplasms
  3 giant cockroaches
  15 goblins
  10 hobgoblins
  11 jackals
  6 quokkas
  14 ball pythons
  A frilled lizard (D:1)
  17 kobolds
  9 rats
  A spectral orc (D:7)
312 creatures vanquished.

Vanquished Creatures (collateral kills)
  A gnoll (D:2)
  A giant cockroach (D:2)
2 creatures vanquished.

Vanquished Creatures (others)
  2 gnolls
  An endoplasm (D:2)
  2 jackals (D:2)
  A quokka (D:2)
  16 fungi
  33 plants
55 creatures vanquished.

Grand Total: 369 creatures vanquished

Notes
Turn   | Place    | Note
-------+----------+-------------------------------------------
     0 | D:1      | pkoi the Demigod Artificer began the quest for the Orb.
     0 | D:1      | Reached XP level 1. HP: 15/15 MP: 3/3
   474 | D:1      | Reached XP level 2. HP: 4/22 MP: 4/4
  1823 | D:1      | Reached XP level 3. HP: 27/27 MP: 5/5
  2903 | D:2      | Reached skill level 1 in Unarmed Combat
  4189 | D:2      | Reached XP level 4. HP: 34/34 MP: 6/6
  4779 | D:2      | Reached skill level 2 in Unarmed Combat
  5924 | D:3      | Reached XP level 5. HP: 34/39 MP: 7/7
  6959 | D:2      | Reached skill level 3 in Unarmed Combat
  6959 | D:2      | Reached skill level 5 in Evocations
  7521 | D:4      | Found a glowing drain.
  7525 | Sewer    | Entered a sewer
  7678 | Sewer    | Reached XP level 6. HP: 46/46 MP: 8/8
  7765 | Sewer    | Noticed Pargi
  7791 | Sewer    | Killed Pargi
  8108 | D:4      | Reached skill level 4 in Unarmed Combat
  8436 | D:4      | Identified a scroll of acquirement
  8500 | D:4      | Reached XP level 7. HP: 29/51 MP: 9/9
  9015 | D:4      | Found Fusm's Mass Market.
  9124 | D:4      | Noticed Grinder
  9132 | D:4      | Killed Grinder
  9133 | D:4      | Reached skill level 5 in Unarmed Combat
  9158 | D:4      | Found a staircase to the Ecumenical Temple.
  9538 | D:5      | Entered Level 5 of the Dungeon
 11102 | D:1      | Acquired the +9 hunting sling "Fekhixte" {venom, Int+3
                  | Dex+4}
 11273 | D:5      | Reached XP level 8. HP: 57/58 MP: 10/10
 11464 | D:5      | Reached skill level 6 in Unarmed Combat
 11634 | D:5      | Found a runed translucent door.
 11773 | D:5      | Noticed khangoldenlief's ghost (novice FoFi)
 11953 | D:6      | Reached skill level 1 in Fighting
 11953 | D:6      | Reached skill level 1 in Dodging
 12018 | D:6      | Reached skill level 7 in Unarmed Combat
 13161 | D:6      | Identified the +7 dire flail of Absolution {vorpal, Str+4}
 13161 | D:6      | Noticed a two-headed ogre
 13169 | D:6      | Found a transporter.
 13259 | D:6      | Found a transporter.
 13335 | D:7      | Reached XP level 9. HP: 63/67 MP: 11/11
 13710 | D:7      | Noticed Menkaure
 13718 | D:7      | Killed Menkaure
 13719 | D:7      | Reached skill level 8 in Unarmed Combat
 14331 | D:7      | Learned a level 3 spell: Portal Projectile
 14483 | D:7      | Identified the ring "Moxieruud" {rF+ AC+4}
 14747 | D:7      | Found a runed translucent door.
 14748 | D:7      | Noticed Crazy Yiuf
 14750 | D:7      | Found the +7 sceptre of Torment {pain, torment}
 14755 | D:7      | Killed Crazy Yiuf
 14949 | D:8      | Reached skill level 1 in Hexes
 15052 | D:8      | Found a runed translucent gate.
 15053 | D:8      | Found a runed translucent gate.
 15053 | D:8      | Found a runed translucent gate.
 15053 | D:8      | Noticed a red ugly thing
 15054 | D:8      | Noticed a cyan ugly thing
 15054 | D:8      | Noticed a brown ugly thing
 15055 | D:8      | Noticed a green ugly thing
 15057 | D:8      | Noticed a glowing orange brain
 15105 | D:8      | Reached skill level 1 in Spellcasting
 15105 | D:8      | Reached skill level 1 in Translocations
 15273 | D:8      | Found Ykloe's Jewellery Emporium.
 15599 | D:8      | Noticed Prince Ribbit
 15620 | D:8      | Killed Prince Ribbit
 15706 | D:8      | Reached skill level 1 in Necromancy
 16085 | D:8      | Learned a level 5 spell: Lee's Rapid Deconstruction
 16554 | D:9      | Reached XP level 10. HP: 16/77 MP: 15/15
 17049 | D:9      | Reached skill level 9 in Unarmed Combat
 17049 | D:9      | Reached skill level 1 in Earth Magic
 17667 | D:10     | Entered Level 10 of the Dungeon
 18537 | D:11     | Found a staircase to the Lair.
 18772 | D:11     | Found a runed translucent gate.
 18773 | D:11     | Found a runed translucent gate.
 18773 | D:11     | Found a runed translucent gate.
 18774 | D:11     | Noticed a nine-headed hydra
 18774 | D:11     | Noticed yahweh's ghost (journeyman MiBe)
 18926 | D:11     | HP: 2/80 [something (8)]
 19861 | D:11     | Noticed an eight-headed hydra
 19962 | Lair:1   | Entered Level 1 of the Lair of Beasts
 20103 | Lair:1   | Reached XP level 11. HP: 85/85 MP: 18/18
 20676 | Lair:1   | Noticed Sonja
 20681 | Lair:1   | Killed Sonja
 20682 | Lair:1   | Reached skill level 5 in Fighting
 20921 | Lair:1   | HP: 2/86 [cane toad (11)]
 21393 | Lair:2   | Reached skill level 5 in Dodging
 21744 | Lair:2   | Reached skill level 10 in Unarmed Combat
 21868 | Lair:2   | Noticed a bog body
 21870 | Lair:2   | Noticed a bog body
 21897 | Lair:2   | Killed a bog body
 21977 | Lair:2   | Killed a bog body
 21986 | Lair:2   | HP: 3/89 [bullfrog (7)]
 21987 | Lair:2   | Slain by a bullfrog

Illustrated notes

Levels and vault maps discovered:
D:1:      evilmike_arrival_plus, layout_basic,
          dilly_ecumenical_altar_fadedgnrine
D:2:      layout_basic, eino_tiny_chamber, hex_large, minmay_snake_closets
D:3:      layout_loops_ring, grunt_decor_resistance
D:4:      layout_basic, mainiacjoe_overflow_cross_hatched,
          minmay_temple_entry_enclosed_plants, gup_sewer_entry_spiral,
          minmay_shop_mass, serial_bayou_crossing, uniq_grinder
D:5:      layout_loops_corners, ebering_ghost_reflecting_pool, item_on_display_a
D:6:      layout_basic, gammafunk_ghost_smash
D:7:      layout_rooms, yredelemnul_forgotten_temple_becter, uniq_menkaure,
          uniq_crazy_yiuf_cottage
D:8:      layout_loops_corners, nzn_wu_jian_council_hall, serial_shops, shop,
          ploomutoo_gammafunk_ghost_potion_laboratory, uniq_prince_ribbit1
D:9:      layout_loops_ring, elyvilon_altar_4, dk_noncrumbling_4, st_stairs_1
D:10:     layout_long_grid, nicolae_concentric_dashed_squares_mild
D:11:     layout_basic, lair_entry_dummy, erik_orc_2, gammafunk_ghost_hydra_chop
Lair:1:   layout_hall_layers, minivault_27, minivault_24,
          infiniplex_staircase_pool_2, grunt_megastairs_2, uniq_sonja
Lair:2:   layout_layer_cave, skrybe_swamp_entry_bodies, roderic_batcave, pond,
          grunt_megastairs_3, serial_bayou_shore_a

Skill      XL: |  1  2  3  4  5  6  7  8  9 10 11 |
---------------+----------------------------------+-----
Evocations     | 3 4 5 6 7 8 9 |  9.3
Unarmed Combat | 1 2 3 4 5 7 8 9 10 | 10.1
Fighting       | 2 3 4 5 |  5.6
Dodging        | 2 3 4 5 |  5.5
Armour         | 2 3 |  3.0
Hexes          | 2 3 |  3.0
Spellcasting   | 1 2 3 |  3.0
Translocations | 1 3 |  3.0
Necromancy     | 1 2 3 |  3.0
Earth Magic    | 2 4 |  4.7
Stealth        | |  0.8

Action                   |  1- 3 |  4- 6 |  7- 9 | 10-12 || total
-------------------------+-------+-------+-------+-------++-------
Melee: Club              |    18 |       |       |       ||    18
       Dagger            |   191 |    81 |       |       ||   272
       Punch             |     3 |     7 |     4 |     2 ||    16
       Whip              |       |   174 |    99 |       ||   273
       Eveningstar       |       |       |    40 |       ||    40
       Unarmed           |       |       |       |    35 ||    35
 Fire: Hunting sling     |       |       |   250 |   326 ||   576
Evoke: Wand              |    12 |     8 |     4 |     9 ||    33
       Piece from Xom's  |     2 |     7 |     4 |     5 ||    18
       Lightning rod     |       |     3 |     7 |     7 ||    17
  Use: Scroll            |     5 |     4 |     8 |     6 ||    23
       Potion            |       |     5 |     2 |     3 ||    10
 Stab: Sleeping          |     2 |     5 |       |       ||     7
       Distracted        |       |     1 |       |       ||     1
       Petrified         |       |     6 |     6 |       ||    12
Armor: Leather armour    |    66 |    80 |       |       ||   146
       Troll leather arm |       |     6 |   105 |    51 ||   162
Dodge: Dodged            |   121 |   162 |   174 |   153 ||   610
